Map: Eastwatch LE

Players

Harstem

  • Race: Protoss Protoss
  • Spawn Location: 7:00

Neeb - Winner!

  • Race: Protoss Protoss
  • Spawn Location: 1:00

Event: IEM Season 12 - Katowice

VOD

Have the link to the VOD?

Description

Time

  • Played on: Feb. 27, 2018, 1:31 p.m.
  • Length: 6:49

All games in this series

Show
View Real Time Build Order
Export as new Build Order

Harstem Protoss 

Build Orders: Proxy Void Ray 

Get SALT Encoding   

  12  0:01  Probe  
  13  0:13  Probe  
  14  0:17  Pylon  
  14  0:25  Probe (Chrono Boost)  
  15  0:37  Probe (Chrono Boost)  
  15  0:38  Gateway  
  16  0:45  Probe (Chrono Boost)  
  17  0:51  Probe  
  17  0:53  Assimilator  
  18  0:57  Assimilator  
  18  1:03  Probe  
  19  1:10  Gateway  
  19  1:15  Probe (Chrono Boost)  
  20  1:25  Cybernetics Core  
  21  1:27  Probe (Chrono Boost)  
  21  1:31  Probe (Chrono Boost)  
  21  1:35  Pylon  
  22  1:42  Probe  
  23  1:54  Probe  
  24  2:02  Stalker  
  24  2:03  Warp Gate  
  28  2:11  Stalker  
  28  2:17  Pylon  
  28  2:33  Stalker  
  28  2:36  Stargate  
  30  2:41  Shield Battery, Stalker  
  32  3:05  Pylon  
  31  3:15  Gateway  
  31  3:19  Void Ray (Chrono Boost)  
  31  3:26  Shield Battery  
  35  3:29  Shield Battery  
  32  3:51  Void Ray (Chrono Boost)  
  32  3:55  Probe  
  37  4:09  Pylon  
  37  4:15  Stalker  
  39  4:21  Pylon  
  39  4:38  Pylon  
  37  4:40  Stalker x2  
  37  4:44  Sentry  
  43  4:53  Void Ray (Chrono Boost)  
  43  4:59  Shield Battery  
  47  5:07  Stalker  
  49  5:27  Sentry  
  49  5:29  Zealot  
  49  5:31  Shield Battery  
  47  5:46  Zealot  
  42  6:00  Void Ray (Chrono Boost), Stalker  
  38  6:04  Zealot  
  40  6:16  Stalker  
  40  6:27  Stalker x2  
  40  6:43  Stalker  
Show
View Real Time Build Order
Export as new Build Order

Neeb Protoss - Winner!

Build Orders: Nexus First 

Get SALT Encoding   

  12  0:00  Probe  
  13  0:12  Probe  
  14  0:19  Pylon  
  14  0:24  Probe (Chrono Boost)  
  15  0:37  Probe (Chrono Boost)  
  16  0:46  Probe (Chrono Boost)  
  17  0:58  Nexus  
  17  1:08  Gateway  
  17  1:11  Probe  
  18  1:16  Assimilator  
  18  1:23  Probe  
  18  1:25  Assimilator  
  19  1:35  Probe  
  20  1:42  Gateway  
  20  1:47  Probe  
  21  1:55  Cybernetics Core  
  21  1:59  Probe  
  22  2:09  Zealot  
  22  2:11  Probe x2  
  26  2:23  Probe x2  
  26  2:28  Warp Gate (Chrono Boost)  
  28  2:32  Stalker (Chrono Boost)  
  28  2:36  Stalker (Chrono Boost)  
  32  2:38  Probe  
  32  2:40  Probe  
  34  2:48  Shield Battery  
  34  2:52  Pylon  
  34  3:03  Stalker (Chrono Boost)  
  34  3:05  Stalker (Chrono Boost)  
  38  3:17  Robotics Facility  
  38  3:24  Shield Battery  
  37  3:28  Shield Battery  
  37  3:34  Stalker (Chrono Boost)  
  37  3:40  Stalker (Chrono Boost)  
  37  3:57  Stalker (Chrono Boost)  
  37  3:59  Shield Battery  
  41  4:10  Gateway  
  39  4:22  Gateway  
  39  4:26  Stalker  
  39  4:28  Immortal (Chrono Boost)  
  45  4:33  Stalker  
  37  4:45  Shield Battery  
  37  4:46  Shield Battery  
  37  4:49  Pylon  
  37  4:53  Sentry  
  37  4:56  Stalker  
  41  5:05  Cybernetics Core  
  41  5:12  Zealot  
  43  5:22  Zealot x2  
  47  5:34  Gateway x2  
  47  5:41  Stalker  
  47  5:48  Stalker  
  43  5:54  Stalker  
  37  6:05  Stalker  
  37  6:09  Shield Battery  
  35  6:12  Stalker  
  35  6:16  Stalker  
  37  6:25  Stalker  
  37  6:33  Stalker  
  39  6:41  Stalker  
  39  6:45  Stalker  

Tags
 
Add a new tag
Caveats
  • Supply blocks, unpowered buildings, or Contaminate may cause inaccurate times.
  • Supply counts are checked every 10 seconds.